 Dungeon Crawl Stone Soup version 0.30-a0-377-g5cb311bc9f (webtiles) character file.

Game seed: 17231178743645207718

4203 p00ps00p the Cleaver (level 10, -10/88 (91) HPs)
             Began as a Hill Orc Fighter on Dec 1, 2022.
             Was an Initiate of Gozag.
             Mangled by a sun demon (11 damage)
             ... summoned by a kobold demonologist
             ... in a bailey.
             The game lasted 00:16:16 (8703 turns).

p00ps00p the Cleaver (Hill Orc Fighter)             Turns: 8703, Time: 00:16:17

HP:   -10/88 (91)   AC: 21    Str: 24    XL:     10   Next: 29%
MP:   10/10         EV: 11    Int:  8    God:    Gozag
Gold: 525           SH: 11    Dex: 10    Spells: 9/9 levels left

rFire   . . .      SeeInvis .    D - +5 hand axe "Neuhiqeg" {vamp, rPois rC+}
rCold   + . .      Faith    .    c - +0 buckler
rNeg    . . .      Spirit   .    r - +2 plate armour
rPois   +          Reflect  +    F - +0 helmet
rElec   .          Harm     .    f - +0 cloak
rCorr   +          Rampage  .    i - +1 pair of gloves
Will    .....                    (no boots)
Stlth   ..........               p - amulet of reflection
HPRegen 0.34/turn                o - +4 ring of evasion
MPRegen 0.12/turn                y - ring of resist corrosion

@: about to teleport, lightly drained
A: no striking features
a: Renounce Religion, Potion Petition, Call Merchant, Bribe Branch


You were in a bailey.
You worshipped Gozag.
Gozag was pleased with you.
You visited 2 branches of the dungeon, and saw 9 of its levels.
You also visited: Bailey.

You collected 804 gold pieces.
You spent 192 gold pieces at shops.
You paid 87 gold pieces to Gozag.

Inventory:

Hand Weapons
 a - a +0 war axe
 h - a +0 broad axe
 D - the +5 hand axe "Neuhiqeg" (weapon) {vamp, rPois rC+}
   (You bought it in a shop on level 6 of the Dungeon)

   It occasionally heals its wielder for a portion of the damage dealt when it
   wounds a living foe.
   rC:        It protects you from cold.
   rPois:     It protects you from poison.
Missiles
 e - 14 boomerangs (quivered)
 s - 3 atropa-tipped darts
 t - 6 poisoned darts
 u - 5 datura-tipped darts
Armour
 c - a +0 buckler (worn)
 f - a +0 cloak (worn)
 i - a +1 pair of gloves (worn)
 r - a +2 plate armour (worn)
 F - a +0 helmet (worn)
Jewellery
 d - a ring of poison resistance
 o - a +4 ring of evasion (left hand)
 p - an amulet of reflection (around neck)
 x - a ring of protection from cold
 y - a ring of resist corrosion (right hand)
 B - a ring of ice
Wands
 w - a wand of charming (6)
Scrolls
 q - a scroll of teleportation
 H - a scroll of butterflies
 I - a scroll of acquirement
Potions
 b - a potion of cancellation
 g - 3 potions of flight
 j - 2 potions of brilliance
 k - 3 potions of mutation
 m - a potion of degeneration
 n - 2 potions of attraction
 v - 6 potions of lignification
 z - 3 potions of invisibility {unknown}
 A - a potion of resistance {unknown}
 C - a potion of berserk rage
 E - a potion of might


   Skills:
 + Level 9.5 Fighting
 + Level 9.9 Axes
 + Level 8.7 Armour
 + Level 8.7 Shields


You had 9 spell levels left.
You didn't know any spells.
Your spell library contained the following spells:

 Spells                   Type           Power      Damage    Failure   Level
 Necrotise                Necr           0%         1d4       100%        1
 Shock                    Conj/Air       0%         1d3       100%        1
 Hailstorm                Conj/Ice       0%         3d3       100%        3
 Swiftness                Air            0%         N/A       100%        3
 Vampiric Draining        Necr           0%         2d6       100%        3
 Airstrike                Air            0%         2d(0-16)  100%        4
 Ice Form                 Ice/Tmut       0%         N/A       100%        4
 Agony                    Necr           0%         N/A       100%        5
 Simulacrum               Ice/Necr       Unusable   N/A       N/A         6

Dungeon Overview and Level Annotations

Branches:
Dungeon (8/15)             Temple (1/1) D:6          Bailey (1/1)
   Lair: D:8-11

Altars:
Ashenzari
Cheibriados
Dithmenos
Elyvilon
Fedhas
Gozag
Hepliaklqana
Kikubaaqudgha
Makhleb
Nemelex Xobeh
Okawaru
Qazlal
Ru
Sif Muna
Trog
Uskayaw
Vehumet
Wu Jian
Xom
Yredelemnul
Zin
The Shining One

Shops:
D:6 *


Message History

You block the sixfirhy's attack.
The sixfirhy hits you but does no damage.
You block the sun demon's attack. The sixfirhy hits you.
The sixfirhy shocks you!
* * * LOW HITPOINT WARNING * * *
The ynoxinul gestures.
You feel much better. The sixfirhy hits you. The sixfirhy shocks you!
You block the sixfirhy's attack. The sixfirhy barely misses you.
The sun demon hits you.
* * * LOW HITPOINT WARNING * * *
You are engulfed in flames!!
* * * LOW HITPOINT WARNING * * *
You block the chaos spawn's attack.
The orc sorcerer hits you with a +0 war axe.
* * * LOW HITPOINT WARNING * * *
The kobold demonologist closely misses you.
The sun demon barely misses you.
The sixfirhy hits you but does no damage.
The sun demon hits you but does no damage.
You feel better. You block the sixfirhy's attack.
The chaos spawn barely misses you. You block the sun demon's attack.
The orc sorcerer hits you but does no damage.
The kobold demonologist hits you with a +0 war axe.
* * * LOW HITPOINT WARNING * * *
The sun demon hits you but does no damage.
The ynoxinul gestures.
Really quaff the potion of lignification?
Okay, then.
You hit the orc sorcerer.
You feel better.
The orc sorcerer is moderately wounded.
You barely miss the sun demon. You slash the kobold demonologist!
You feel better.
You barely miss the sun demon. You closely miss the sixfirhy.
You closely miss the chaos spawn.
The ynoxinul disappears in a puff of smoke!
The ufetubus disappears in a puff of smoke! x6
The sun demon hits you!
* * * LOW HITPOINT WARNING * * *
You are engulfed in flames!
You die...
Your body crumbles into a pile of gold.

≈≈≈≈≈#)####).#..⌠..#..####'#≈≈≈≈≈
≈≈≈≈≈~.#.....#.....#.....#.~≈≈≈≈≈
≈≈≈≈≈~.#.8...#.....#...8.#.~≈≈≈≈≈
≈≈≈≈≈~.#.....#######.....#.~≈≈≈≈≈
≈≈≈≈≈~.#.8#############8.#.~≈≈≈≈≈
≈≈≈≈≈~.#..#...........#..#.~≈≈≈≈≈
≈≈≈≈≈~.#.8#.....5.....#8.#.~≈≈≈≈≈
≈≈≈≈≈~.#).#...5334....#))#.~≈≈≈≈≈
≈≈≈≈≈~.##)#...§K@o4...#'##.~≈≈≈≈≈
≈≈≈≈≈~.#))#+####3####+#..#.~≈≈≈≈≈
≈≈≈≈≈~.#..#. #§§§# [#..#.~≈≈≈≈≈
≈≈≈≈≈~.#..# #§§§# #..#.~≈≈≈≈≈
≈≈≈≈≈~.#..# #858# #..#.~≈≈≈≈≈
≈≈≈≈≈~.#..# #...# #..#.~≈≈≈≈≈
≈≈≈≈≈#'#'##+###8.8###+##'#'#≈≈≈≈≈
≈≈≈≈≈#....#?!.#...#.))#....#≈≈≈≈≈
≈≈≈≈≈#....#!?.#...#.))#....#≈≈≈≈≈


You could see 2 sun demons, a kobold demonologist, a sixfirhy (summoned), 2
chaos spawn, an orc sorcerer, a crimson imp (summoned) and a shadow imp
(summoned).

Vanquished Creatures
  A two-headed ogre (D:8)
  Grinder (D:4)
  Sigmund (D:6)
  A steam dragon (D:8)
  Menkaure (D:6)
  Edmund (D:4)
  3 water moccasins
  7 orc warriors
  An ice beast (D:5)
  Blork the orc (D:4)
  A necrophage (D:6)
  A bullfrog (D:8)
  2 gnoll sergeants
  A scorpion (D:5)
  8 wights
  5 killer bees (D:7)
  2 electric eels (Bailey)
  A howler monkey (D:5)
  5 hounds
  4 orc priests (D:4)
  3 iguanas
  2 orc wizards (D:6)
  13 gnolls
  7 adders
  2 shadow imps
  2 ufetubi (D:5)
  2 worms
  26 orcs
  10 ball pythons
  5 bats
  8 endoplasms
  2 giant cockroaches
  12 goblins
  18 hobgoblins
  6 kobolds
  6 quokkas
  4 frilled lizards
  7 rats
183 creatures vanquished.

Vanquished Creatures (others)
  A hobgoblin (Bailey)
1 creature vanquished.

Grand Total: 184 creatures vanquished

Notes
Turn   | Place    | Note
-------+----------+-------------------------------------------
     0 | D:1      | p00ps00p the Hill Orc Fighter began the quest for the Orb.
     0 | D:1      | Reached XP level 1. HP: 19/19 MP: 1/1
   123 | D:1      | Reached XP level 2. HP: 20/27 MP: 2/2
   922 | D:2      | Reached XP level 3. HP: 33/33 MP: 3/3
  1415 | D:2      | Reached XP level 4. HP: 40/40 MP: 4/4
  1536 | D:2      | Found an opulent altar of Gozag.
  1931 | D:3      | Found a faded altar of an unknown god.
  2244 | D:4      | Reached XP level 5. HP: 19/47 MP: 5/5
  2676 | D:4      | Noticed Edmund
  2703 | D:4      | Killed Edmund
  2704 | D:4      | Reached skill level 5 in Fighting
  2704 | D:4      | Reached XP level 6. HP: 26/56 MP: 6/6
  3277 | D:4      | Noticed Blork the orc
  3291 | D:4      | Killed Blork the orc
  3292 | D:4      | Reached skill level 5 in Axes
  3594 | D:4      | Found a bloodstained altar of Trog.
  3594 | D:4      | Found an iron altar of Okawaru.
  3725 | D:4      | Reached skill level 5 in Armour
  3725 | D:4      | Reached skill level 5 in Shields
  3736 | D:4      | Reached XP level 7. HP: 61/61 MP: 7/7
  3755 | D:4      | Noticed Grinder
  3755 | D:4      | Paralysed by Grinder for 4 turns
  3762 | D:4      | Paralysed by Grinder for 3 turns
  4024 | D:4      | Paralysed by Grinder for 4 turns
  4031 | D:4      | Paralysed by Grinder for 2 turns
  4038 | D:4      | Killed Grinder
  4175 | D:5      | Entered Level 5 of the Dungeon
  4386 | D:5      | Reached XP level 8. HP: 42/70 MP: 8/8
  5532 | D:6      | Found a staircase to the Ecumenical Temple.
  5561 | D:6      | Noticed Menkaure
  5573 | D:6      | Killed Menkaure
  5781 | Temple   | Entered the Ecumenical Temple
  5944 | Temple   | Became a worshipper of Gozag Ym Sagoz the Greedy
  6075 | D:6      | Reached XP level 9. HP: 68/79 MP: 9/9
  6143 | D:6      | Noticed Sigmund
  6144 | D:6      | Found Qesibb's Assorted Antiques.
  6160 | D:6      | Killed Sigmund
  6168 | D:6      | Bought an iridescent hand axe for 192 gold pieces
  6168 | D:6      | Identified the +5 hand axe "Neuhiqeg" {vamp, rPois rC+}
                  | (You bought it in a shop on level 6 of the Dungeon)
  6697 | D:7      | Found a blossoming altar of Fedhas.
  6974 | D:7      | Found a snail-covered altar of Cheibriados.
  7988 | D:8      | Noticed a two-headed ogre
  7990 | D:8      | Found a flagged portal.
  8003 | D:8      | Killed a two-headed ogre
  8004 | D:8      | Reached XP level 10. HP: 54/91 MP: 10/10
  8119 | Bailey   | Entered a bailey
  8673 | Bailey   | Found an iron altar of Okawaru.
  8673 | Bailey   | Noticed a kobold demonologist
  8673 | Bailey   | Noticed an orc sorcerer
  8677 | Bailey   | Noticed an orange demon
  8681 | Bailey   | Paralysed by an orc sorcerer for 3 turns
  8692 | Bailey   | Paralysed by an orc sorcerer for 5 turns
  8693 | Bailey   | Noticed a sun demon
  8695 | Bailey   | Noticed a sun demon
  8697 | Bailey   | Noticed a sixfirhy
  8701 | Bailey   | HP: 2/88 [orc sorcerer/+0 war axe (3)]
  8703 | Bailey   | Mangled by a sun demon

Illustrated notes

Levels and vault maps discovered:
D:1:      shiori_arrival_maze, layout_basic
D:2:      minmay_evil_eye, layout_loops_ring, basic_altar, minmay_pentomino_pile
D:3:      layout_rooms, serial_corexii_hall, corexii_hall_statues_x,
          corexii_hall_statues_i, dreamdust_ecumenical_altar_angels_and_demons
D:4:      layout_loops_ring, grunt_temple_overflow_bloody_war, uniq_grinder,
          uniq_edmund, uniq_blork_the_orc
D:5:      layout_loops_corners
D:6:      layout_basic, minmay_temple_entry_trees, serial_shops,
          nicolae_shop_statue_plus, uniq_menkaure, uniq_sigmund
D:7:      layout_loops_ring, mainiacjoe_overflow_boulevard, lemuel_round_altar
D:8:      layout_rooms, enter_bailey_5
Temple:   regret_index_temple_mists
Bailey:   bailey_axe_of_yendor_kennysheep, bailey

Skill      XL: |  1  2  3  4  5  6  7  8  9 |
---------------+----------------------------+-----
Axes           | 3 4 5 6 7 9 |  9.9
Fighting       | 4 5 6 7 9 |  9.5
Shields        | 4 5 6 8 |  8.7
Armour         | 4 5 6 8 |  8.7

Action                   |  1- 3 |  4- 6 |  7- 9 | 10-12 || total
-------------------------+-------+-------+-------+-------++-------
Melee: War axe           |    98 |   157 |   187 |       ||   442
       Hand axe          |       |       |   144 |   123 ||   267
Evoke: Wand              |       |       |     1 |       ||     1
  Use: Scroll            |     1 |     3 |    14 |     1 ||    19
       Potion            |       |     2 |     2 |     3 ||     7
Armor: Scale mail        |    27 |       |       |       ||    27
       Chain mail        |    34 |       |       |       ||    34
       Plate armour      |       |    62 |   140 |    77 ||   279
Dodge: Dodged            |    59 |    53 |   125 |    38 ||   275
Block: Buckler           |    27 |    73 |   174 |    65 ||   339
       Reflection        |       |     2 |     1 |     3 ||     6

Table legend: (Time is in decaauts)
 A = Elapsed time spent in this place.
 B = Non-inter-level travel time spent in this place.
 C = Inter-level travel time spent in this place.
 D = Time resting spent in this place.
 E = Time spent auto-exploring this place.
 F = Levels seen in this place.
 G = Mean time per level.
                   A        B        C        D        E       F      G
               +--------+--------+--------+--------+--------+-----+--------+
         Total |   8853 |   8468 |    385 |   1880 |   4574 |  10 |  885.3 |
       Dungeon |   8047 |   7728 |    319 |   1728 |   4337 |   8 | 1005.9 |
        Temple |    239 |    173 |     66 |      0 |    154 |   1 |  239.0 |
        Bailey |    566 |    566 |      0 |    152 |     83 |   1 |  566.0 |
               +--------+--------+--------+--------+--------+-----+--------+

Top non-repeatable levels by time:
     D:4: 2020 daAuts
     D:6: 1179 daAuts
     D:7: 1147 daAuts
     D:5: 1111 daAuts
     D:2: 899 daAuts
     D:1: 836 daAuts
  Bailey: 566 daAuts
     D:3: 512 daAuts
     D:8: 340 daAuts
  Temple: 239 daAuts
